 Dungeon Sprint DCSS version 0.23-a0-189-gc87c613 (webtiles) character file.

184 Felrender the Covered (level 5, -3/36 HPs)
             Began as a Gargoyle Fighter on Sept 24, 2018.
             Was an Initiate of Trog.
             Slain by a two-headed ogre
             ... wielding a +0 giant club
              (14 damage)
             ... in the Dungeon (Sprint IX: "|||||||||||||||||||||||||||||").
             The game lasted 00:01:48 (427 turns).

Felrender the Covered (Gargoyle Fighter)             Turns: 427, Time: 00:01:49

Health: -3/36      AC: 18    Str: 26    XL:     5   Next: 64%
Magic:  5/5        EV:  9    Int: 11    God:    Trog [......]
Gold:   0          SH:  0    Dex: 12    Spells: 4/4 levels left

rFire    . . .     SeeInvis .   o - +4 quarterstaff (speed)
rCold    . . .     Gourm    .   (shield currently unavailable)
rNeg     + . .     Faith    .   q - +1 chain mail
rPois    ∞         Spirit   .   c - +0 helmet
rElec    +         Reflect  .   (no cloak)
rCorr    .         Harm     .   p - +0 pair of gloves
MR       .....     NoTele   +   (no boots)
Stlth    ..........             (no amulet)
HPRegen  0.12/turn              r - +3 ring of dexterity
MPRegen  0.09/turn              s - +3 ring of intelligence

@: mighty
A: negative energy resistance 1, electricity resistance, unbreathing,
petrification resistance, rot immunity, AC +4
a: Renounce Religion


You were in the Dungeon.
You worshipped Trog.
Trog was noncommittal.
You were not hungry.

You visited 1 branch

Inventory:

Hand Weapons
 a - a +0 flail
 o - a +4 quarterstaff of speed (weapon)
Armour
 b - a +0 scale mail
 c - a +0 helmet (worn)
 p - a +0 pair of gloves (worn)
 q - a +1 chain mail (worn)
Jewellery
 r - a +3 ring of dexterity (left hand)
 s - a +3 ring of intelligence (right hand)
Wands
 n - a wand of acid (10)
Scrolls
 k - 2 scrolls of blinking
 m - 3 scrolls of remove curse
Potions
 e - 5 potions of curing
 g - a potion of invisibility
 h - a potion of haste
 i - 4 potions of magic
 j - a potion of berserk rage
 l - 2 potions of heal wounds
Comestibles
 f - a ration


   Skills:
 + Level 6.2 Fighting
 + Level 6.9(7.0) Maces & Flails
 + Level 2.1(4.8) Staves
 + Level 7.2 Armour
 + Level 1.0 Dodging
   Level 5.0 Shields


You had 4 spell levels left.
You didn't know any spells.
Your spell library was empty.

Dungeon Overview and Level Annotations

Branches:
Dungeon (1/1)

Altars:
Cheibriados
Dithmenos
Elyvilon
Fedhas
Gozag
Hepliaklqana
Kikubaaqudgha
Makhleb
Nemelex Xobeh
Okawaru
Qazlal
Ru
Sif Muna
Trog
Uskayaw
Vehumet
Wu Jian
Xom
Yredelemnul
Zin
The Shining One
Beogh
Jiyva
Lugonu


Innate Abilities, Weirdness & Mutations

You are resistant to torment.
Your stone body is resilient. (AC +4)
You are immune to poison.
You resist negative energy. (rN+)
You are resistant to electric shocks. (rElec)
You can survive without breathing.
You are immune to petrification.
You are immune to rotting.


Message History

You hit the two-headed ogre.
The two-headed ogre is moderately wounded.
The two-headed ogre hits you but does no damage.
The two-headed ogre barely misses you.
You barely miss the two-headed ogre.
The two-headed ogre is moderately wounded.
You sock the two-headed ogre!
The two-headed ogre is heavily wounded.
The two-headed ogre barely misses you.
The two-headed ogre hits you with a giant spiked club!
You barely miss the two-headed ogre.
The two-headed ogre is heavily wounded.
You feel very mighty all of a sudden. The two-headed ogre misses you.
The two-headed ogre hits you with a giant spiked club.
You bludgeon the two-headed ogre!!
The two-headed ogre is severely wounded.
The two-headed ogre hits you but does no damage.
The two-headed ogre hits you with a giant spiked club!
You die... ▓▓▓▓▓▓▓▓▓▓▓▓▓▓▓▓▓▓▓▓▓▓▓▓ ...ZSHO@....[|?.'_______ ▓▓▓▓▓▓▓▓▓▓▓▓▓▓▓▓▓▓▓▓▓▓▓▓

You could see a two-headed ogre, a hippogriff, an adder and a bat zombie.

Vanquished Creatures
  A water moccasin (D)
  A hound (D)
  A jelly (D)
  An ooze (D)
  A worm (D)
  3 orcs (D)
  A goblin (D)
  3 hobgoblins (D)
12 creatures vanquished.

Notes
Turn   | Place    | Note
-------+----------+-------------------------------------------
     0 | D        | Felrender the Gargoyle Fighter began the quest for the Orb.
     0 | D        | Reached XP level 1. HP: 14/14 MP: 1/1
    11 | D        | Reached skill level 4 in Armour
    11 | D        | Reached XP level 2. HP: 20/20 MP: 2/2
    49 | D        | Reached skill level 5 in Armour
    49 | D        | Reached skill level 5 in Shields
    49 | D        | Reached XP level 3. HP: 22/25 MP: 3/3
    64 | D        | Reached skill level 5 in Fighting
   321 | D        | Found a roughly hewn altar of Beogh.
   321 | D        | Found a snail-covered altar of Cheibriados.
   321 | D        | Found a shadowy altar of Dithmenos.
   321 | D        | Found a white marble altar of Elyvilon.
   321 | D        | Found a blossoming altar of Fedhas.
   321 | D        | Found an opulent altar of Gozag.
   322 | D        | Found a hazy altar of Hepliaklqana.
   323 | D        | Found a viscous altar of Jiyva.
   324 | D        | Found an ancient bone altar of Kikubaaqudgha.
   325 | D        | Found a corrupted altar of Lugonu.
   326 | D        | Found a burning altar of Makhleb.
   327 | D        | Found a sparkling altar of Nemelex Xobeh.
   328 | D        | Found an iron altar of Okawaru.
   329 | D        | Found a stormy altar of Qazlal.
   330 | D        | Found a sacrificial altar of Ru.
   331 | D        | Found a deep blue altar of Sif Muna.
   332 | D        | Found a bloodstained altar of Trog.
   333 | D        | Found a hide-covered altar of Uskayaw.
   334 | D        | Found a radiant altar of Vehumet.
   335 | D        | Found an ornate altar of the Wu Jian Council.
   336 | D        | Found a shimmering altar of Xom.
   337 | D        | Found a basalt altar of Yredelemnul.
   338 | D        | Found a glowing silver altar of Zin.
   339 | D        | Found a glowing golden altar of the Shining One.
   340 | D        | Became a worshipper of Trog the Wrathful
   401 | D        | Noticed a hippogriff
   401 | D        | Noticed a two-headed ogre
   401 | D        | Noticed a water moccasin
   404 | D        | Reached XP level 4. HP: 28/31 MP: 4/4
   418 | D        | Killed a water moccasin
   418 | D        | Reached skill level 7 in Armour
   418 | D        | Reached skill level 1 in Dodging
   418 | D        | Reached XP level 5. HP: 26/36 MP: 5/5
   427 | D        | Slain by a two-headed ogre

Vault maps used:
D:        linesprint

Skill      XL: |  1  2  3  4 |
---------------+-------------+-----
Fighting       | 4 5 6 |  6.2
Armour         | 4 5 7 |  7.2
Shields        | 4 5 |  5.0
Maces & Flails | 3 4 6 |  6.9
Staves         | 2 |  2.1
Dodging        | 1 |  1.0

Action                   |  1- 3 |  4- 6 || total
-------------------------+-------+-------++-------
Melee: Flail             |    48 |       ||    48
       Quarterstaff      |     3 |    22 ||    25
  Use: Potion            |     1 |     1 ||     2
Armor: Scale mail        |    26 |       ||    26
       Chain mail        |     2 |    13 ||    15
Dodge: Dodged            |    15 |     7 ||    22
Block: Shield            |    16 |       ||    16

Table legend:
 A = Non-vault XP
 B = Vault XP
 C = Vault XP percentage of total XP
 D = Non-vault monster count
 E = Vault monster count
 F = Vault count percentage of total count
                 A         B        C        D         E       F
            +---------+---------+-------+---------+---------+-------
      Total |       0 |     264 | 100.0 |       0 |      12 | 100.0
            +---------+---------+-------+---------+---------+-------
          D |       0 |     264 | 100.0 |       0 |      12 | 100.0
            +---------+---------+-------+---------+---------+-------
